Map: Neon Violet Square LE

Players

artupapiXD

  • Race: Terran Terran
  • League: Diamond
  • Spawn Location: 5:00

Pereza - Winner!

  • Race: Zerg Zerg
  • League: Diamond
  • Spawn Location: 11:00

VOD

Have the link to the VOD?

Description

Time

  • Played on: Jan. 24, 2018, 1:38 p.m.
  • Length: 9:17
Show
View Real Time Build Order
Export as new Build Order

artupapiXD Terran 

Build Orders: Cyclone Opening 

Get SALT Encoding   

  12  0:05  SCV  
  13  0:16  Supply Depot  
  13  0:19  SCV  
  14  0:31  SCV  
  14  0:33  Refinery  
  15  0:46  Barracks  
  15  0:51  SCV  
  16  1:02  Refinery  
  16  1:03  SCV  
  17  1:15  SCV  
  18  1:25  Supply Depot  
  18  1:30  SCV  
  19  1:42  Factory  
  19  2:00  Barracks Reactor  
  19  2:06  Orbital Command  
  19  2:24  Engineering Bay  
  20  2:37  SCV  
  20  2:49  SCV  
  20  2:50  Cyclone  
  24  2:54  Cyclone  
  27  3:03  Supply Depot  
  27  3:14  SCV  
  28  3:22  Cyclone  
  28  3:27  Cyclone  
  34  3:41  Supply Depot  
  34  3:47  SCV  
  35  3:54  Cyclone  
  41  4:02  Cyclone  
  41  4:04  Supply Depot  
  41  4:09  SCV  
  42  4:23  Command Center  
  42  4:33  Cyclone  
  45  4:48  Cyclone  
  45  4:51  SCV  
  49  5:03  SCV  
  35  5:14  Barracks Reactor  
  35  5:15  SCV  
  36  5:26  Widow Mine  
  36  5:27  Widow Mine, Command Center  
  37  5:30  SCV  
  38  5:45  Engineering Bay  
  38  5:46  SCV  
  38  5:47  Barracks  
  39  5:53  Widow Mine  
  39  5:54  Widow Mine  
  39  5:55  Marine x2  
  27  6:13  Marine x2  
  10  6:35  SCV x2  
  12  6:47  SCV  
  12  6:50  SCV  
  14  6:59  Orbital Command  
  14  7:01  SCV  
  15  7:07  SCV  
  16  7:16  SCV  
  16  7:20  SCV  
  19  7:30  SCV  
  19  7:34  Widow Mine x2  
  24  7:42  Marine x2  
  24  7:43  SCV x2  
  27  7:55  SCV  
  27  7:56  Widow Mine  
  27  7:57  Widow Mine  
  32  8:07  Orbital Command  
  32  8:09  SCV  
  32  8:12  Marine  
  30  8:21  SCV, Marine  
  28  8:29  Marine  
  28  8:33  Widow Mine  
  23  8:36  SCV x2  
  19  8:55  Widow Mine  
Show
View Real Time Build Order
Export as new Build Order

Pereza Zerg - Winner!

Build Orders: Pool First 

Get SALT Encoding   

  12  0:02  Drone  
  13  0:13  Overlord  
  13  0:18  Drone  
  14  0:31  Drone x2  
  14  0:34  Extractor  
  15  0:39  Drone  
  16  0:53  Spawning Pool  
  16  0:54  Drone  
  16  1:03  Drone  
  17  1:40  Hatchery  
  17  1:41  Metabolic Boost  
  17  1:43  Drone x2  
  18  1:58  Queen  
  20  2:05  Overlord  
  20  2:18  Drone x2  
  22  2:32  Zergling x4  
  24  2:37  Spine Crawler  
  24  2:38  Spine Crawler  
  24  2:41  Zergling x2  
  25  2:53  Queen  
  27  3:00  Drone x2  
  29  3:09  Queen  
  29  3:11  Overlord  
  31  3:16  Drone, Baneling Nest  
  31  3:19  Drone  
  32  3:32  Zergling x8  
  36  3:44  Queen, Spine Crawler  
  37  3:51  Overlord  
  36  4:00  Zergling x6  
  39  4:10  Zergling x8  
  43  4:18  Lair  
  43  4:25  Drone  
  43  4:26  Drone x2  
  43  4:29  Zergling x2  
  47  4:45  Zergling x2  
  47  4:46  Zergling x8  
  47  4:47  Overlord  
  50  5:01  Zergling x10  
  47  5:09  Zergling x2  
  48  5:14  Overlord x2  
  48  5:25  Drone x2  
  50  5:36  Baneling x10  
  50  5:37  Hatchery  
  50  5:38  Zergling x2  
  50  5:45  Zergling x6  
  53  5:56  Drone x5  
  54  6:16  Zergling x18  
  59  6:33  Zergling x8  
  63  6:41  Overlord  
  63  6:46  Spore Crawler  
  62  6:55  Drone x3  
  62  6:56  Drone x3  
  62  7:00  Drone, Extractor  
  62  7:01  Drone  
  69  7:10  Drone, Queen  
  69  7:12  Queen  
  74  7:20  Baneling x2  
  74  7:23  Drone  
  74  7:24  Drone x6, Extractor x2  
  79  7:38  Baneling x2  
  79  7:41  Drone  
  79  7:42  Drone x5  
  85  7:44  Spore Crawler  
  84  7:52  Baneling x2  
  84  7:59  Drone x5  
  84  8:33  Zergling x18  
  84  8:34  Zergling x12  
Tags
 
Add a new tag
Caveats
  • Supply blocks, unpowered buildings, or Contaminate may cause inaccurate times.
  • Supply counts are checked every 10 seconds.